 Dungeon Crawl Stone Soup version 0.22-a0-346-ga714374 (webtiles) character file.

611 xccam the Grasshopper (level 7, -1/56 HPs)
             Began as a Gnoll Wanderer on Apr 6, 2018.
             Slain by an iguana (11 damage)
             ... on level 4 of the Dungeon.
             The game lasted 00:05:40 (2706 turns).

xccam the Grasshopper (Gnoll Wanderer)              Turns: 2706, Time: 00:05:41

Health: -1/56      AC:  8    Str: 18    XL:     7   Next: 44%
Magic:  15/15      EV: 10    Int: 14    God:
Gold:   204        SH:  0    Dex: 13    Spells: 16/17 levels left

rFire    . . .     SeeInvis .   y - +0 spear
rCold    . . .     Gourm    .   (no shield)
rNeg     . . .     Faith    .   t - +0 scale mail
rPois    .         Spirit   .   x - +0 helmet (curse)
rElec    .         Reflect  .   (no cloak)
rCorr    .         Harm     .   (no gloves)
MR       .....                  n - +0 pair of boots
Stlth    +.........             (no amulet)
HPRegen  0.18/turn              (no ring)
MPRegen  0.14/turn              (no ring)

@: no status effects
A: distributed training, fangs 1, strong nose
a: no special abilities


You were on level 4 of the Dungeon.
You were hungry.

You visited 1 branch of the dungeon, and saw 4 of its levels.

You collected 204 gold pieces.

Inventory:

Hand Weapons
 a - a +2 hand crossbow
 y - a +0 spear (weapon)
Missiles
 b - 10 bolts
Armour
 n - a +0 pair of boots (worn)
 t - a +0 scale mail (worn)
 x - a cursed +0 helmet (worn)
Wands
 v - a wand of digging (19)
Scrolls
 d - a scroll of teleportation {unknown}
 e - 3 scrolls of remove curse {unknown}
 g - 2 scrolls of amnesia {unknown}
 i - a scroll of magic mapping {unknown}
 j - 10 scrolls of identify {unknown}
 k - a scroll of fear {unknown}
 p - a scroll of blinking {unknown}
 r - a scroll of enchant weapon {unknown}
Potions
 c - a potion of haste {unknown}
 h - 6 potions of curing {unknown}
 l - a potion of might {unknown}
 m - 3 potions of mutation {unknown}
 o - a potion of lignification {unknown}
 q - a potion of agility {unknown}
 s - 2 potions of berserk rage {unknown}
 u - a potion of invisibility {unknown}
 w - a potion of degeneration {unknown}
 z - a potion of ambrosia {unknown}
Comestibles
 f - 10 rations


   Skills:
 + Level 5.2 Fighting
 + Level 2.4 Short Blades
 + Level 2.4 Long Blades
 + Level 2.4 Axes
 + Level 2.4 Maces & Flails
 + Level 2.4 Polearms
 + Level 2.4 Staves
 + Level 2.4 Slings
 + Level 2.4 Bows
 + Level 3.6 Crossbows
 + Level 2.4 Throwing
 + Level 2.4 Armour
 + Level 2.4 Dodging
 + Level 3.4 Stealth
 + Level 2.4 Shields
 + Level 2.4 Unarmed Combat
 + Level 5.6 Spellcasting
 + Level 2.0 Conjurations
 + Level 2.0 Hexes
 + Level 2.0 Charms
 + Level 2.0 Summonings
 + Level 2.0 Necromancy
 + Level 5.8 Translocations
 + Level 2.0 Transmutations
 + Level 2.0 Fire Magic
 + Level 2.0 Ice Magic
 + Level 2.0 Air Magic
 + Level 2.0 Earth Magic
 + Level 2.0 Poison Magic
 + Level 2.7 Invocations
 + Level 3.6 Evocations


You had 16 spell levels left.
You knew the following spells:

 Your Spells              Type           Power        Failure   Level  Hunger
a - Apportation           Tloc           ###...       4%          1    None


Dungeon Overview and Level Annotations

Branches:
Dungeon (4/15)
 Temple: D:4-7

Altars:


Innate Abilities, Weirdness & Mutations

Your experience applies equally to all skills.
You have very sharp teeth.
Your uncanny sense of smell can sniff out nearby items.


Message History

The iguana is severely wounded.
The iguana misses you. The gnoll closely misses you.
You closely miss the iguana. You bite the iguana, but do no damage.
The iguana is severely wounded.
The iguana barely misses you. The gnoll hits you but does no damage.
You hit the iguana but do no damage. You bite the iguana, but do no damage.
The iguana is severely wounded.
The iguana bites you.
The gnoll hits you from afar with a halberd.
* * * LOW HITPOINT WARNING * * *
Unknown command.
You hit the iguana.
The iguana is almost dead.
The iguana bites you.
* * * LOW HITPOINT WARNING * * *
The gnoll barely misses you.
You closely miss the iguana.
The iguana is almost dead.
The iguana bites you!
You die...

####### ######
######.....##
#....####...........#
#.##......####..#...#
#.##.##..##..##.##..#
#.##.###.#...%#@.# .#
##.##.# #.# #gl..# #
......# #.# ##..##
##.#### #.. #### ##.#
##. ##.. .. ####.....
.# ... ..... ..
####.....


You could see an iguana and a gnoll.

Vanquished Creatures
  The ghost of Fingolfin the Skirmisher, an amateur TrFi (D:4)
  A phantom (D:4)
  A howler monkey (D:4)
  A crimson imp (D:4)
  The ghost of Amnesiac the Cutter, a weakling SpGl (D:3)
  An orc priest (D:3)
  A centaur skeleton (D:2)
  An iguana (D:4)
  A worker ant (D:4)
  Robin (D:4)
  2 adders
  An ooze (D:3)
  An adder skeleton (D:4)
  A worm (D:4)
  4 dart slugs
  3 leopard geckos
  8 orcs
  5 bats
  5 giant cockroaches
  17 goblins
  12 hobgoblins
  5 jackals
  3 quokkas
  2 ball pythons
  A frilled lizard (D:2)
  8 kobolds
  11 rats
99 creatures vanquished.

Notes
Turn   | Place    | Note
-------+----------+-------------------------------------------
     0 | D:1      | xccam the Gnoll Wanderer began the quest for the Orb.
     0 | D:1      | xccam set off with: a +2 hand crossbow, 27 bolts, a +0 robe, a ration
     0 | D:1      | Reached XP level 1. HP: 20/20 MP: 6/6
   156 | D:1      | Reached XP level 2. HP: 26/26 MP: 7/7
   343 | D:1      | Reached XP level 3. HP: 31/31 MP: 9/9
   371 | D:1      | Reached skill level 5 in Spellcasting
   617 | D:2      | Reached skill level 1 in Short Blades
   617 | D:2      | Reached skill level 1 in Long Blades
   617 | D:2      | Reached skill level 1 in Axes
   617 | D:2      | Reached skill level 1 in Maces & Flails
   617 | D:2      | Reached skill level 1 in Polearms
   617 | D:2      | Reached skill level 1 in Staves
   617 | D:2      | Reached skill level 1 in Slings
   617 | D:2      | Reached skill level 1 in Bows
   617 | D:2      | Reached skill level 1 in Throwing
   617 | D:2      | Reached skill level 1 in Armour
   617 | D:2      | Reached skill level 1 in Dodging
   617 | D:2      | Reached skill level 1 in Shields
   617 | D:2      | Reached skill level 1 in Unarmed Combat
   617 | D:2      | Reached skill level 1 in Invocations
   617 | D:2      | Reached XP level 4. HP: 38/38 MP: 11/11
   813 | D:2      | Learned a level 1 spell: Apportation
  1141 | D:2      | Reached skill level 1 in Conjurations
  1141 | D:2      | Reached skill level 1 in Hexes
  1141 | D:2      | Reached skill level 1 in Charms
  1141 | D:2      | Reached skill level 1 in Summonings
  1141 | D:2      | Reached skill level 1 in Necromancy
  1141 | D:2      | Reached skill level 1 in Transmutations
  1141 | D:2      | Reached skill level 1 in Fire Magic
  1141 | D:2      | Reached skill level 1 in Ice Magic
  1141 | D:2      | Reached skill level 1 in Air Magic
  1141 | D:2      | Reached skill level 1 in Earth Magic
  1141 | D:2      | Reached skill level 1 in Poison Magic
  1288 | D:3      | Noticed Amnesiac's ghost (weakling SpGl)
  1290 | D:3      | Killed Amnesiac's ghost
  1290 | D:3      | Reached XP level 5. HP: 43/43 MP: 12/12
  2156 | D:4      | Noticed a phantom
  2158 | D:4      | Reached XP level 6. HP: 45/50 MP: 13/13
  2181 | D:4      | Killed a phantom
  2181 | D:4      | Reached skill level 5 in Fighting
  2207 | D:4      | Noticed Robin
  2212 | D:4      | Killed Robin
  2298 | D:4      | Reached XP level 7. HP: 24/56 MP: 15/15
  2337 | D:4      | Noticed Fingolfin's ghost (amateur TrFi)
  2346 | D:4      | Killed Fingolfin's ghost
  2706 | D:4      | Slain by an iguana

Vault maps used:
D:1:      dpeg_arrival_rhombi
D:2:      corexii_shack
D:3:      first_ration
D:4:      cheibrodos_helix_gallery, minmay_close_crescents, uniq_robin

Skill      XL: |  1  2  3  4  5  6  7 |
---------------+----------------------+-----
Spellcasting   | 5 |  5.6
Short Blades   | 1 2 |  2.4
Long Blades    | 1 2 |  2.4
Axes           | 1 2 |  2.4
Maces & Flails | 1 2 |  2.4
Polearms       | 1 2 |  2.4
Staves         | 1 2 |  2.4
Slings         | 1 2 |  2.4
Bows           | 1 2 |  2.4
Throwing       | 1 2 |  2.4
Armour         | 1 2 |  2.4
Dodging        | 1 2 |  2.4
Shields        | 1 2 |  2.4
Unarmed Combat | 1 2 |  2.4
Invocations    | 1 2 |  2.7
Conjurations   | 1 2 |  2.0
Hexes          | 1 2 |  2.0
Charms         | 1 2 |  2.0
Summonings     | 1 2 |  2.0
Necromancy     | 1 2 |  2.0
Transmutations | 1 2 |  2.0
Fire Magic     | 1 2 |  2.0
Ice Magic      | 1 2 |  2.0
Air Magic      | 1 2 |  2.0
Earth Magic    | 1 2 |  2.0
Poison Magic   | 1 2 |  2.0
Crossbows      | 3 |  3.6
Evocations     | 3 |  3.6
Fighting       | 5 |  5.2
Stealth        | 3 |  3.4
Translocations | |  5.8

Action                   |  1- 3 |  4- 6 |  7- 9 || total
-------------------------+-------+-------+-------++-------
Melee: Unarmed           |       |    13 |       ||    13
       Bite              |       |     2 |     5 ||     7
       Punch             |       |     1 |       ||     1
       Spear             |       |       |    27 ||    27
 Fire: Hand crossbow     |    46 |   144 |    11 ||   201
  Eat: Chunk             |       |     4 |     1 ||     5
Armor: Robe              |     1 |     1 |       ||     2
       Ring mail         |       |     7 |       ||     7
       Scale mail        |       |    13 |     8 ||    21
Dodge: Dodged            |     2 |    57 |    20 ||    79

Table legend:
 A = Spawn XP
 B = Non-spawn XP
 C = Spawn XP percentage of total XP
 D = Spawn monster count
 E = Non-spawn monster count
 F = Spawn count percentage of total count
 G = Total turns spent on level
                    A         B        C        D         E        F      G
               +---------+---------+-------+---------+---------+-------+---------
         Total |       0 |     874 |   0.0 |       0 |      99 |   0.0 |  2706
               +---------+---------+-------+---------+---------+-------+---------
           D:1 |       0 |      40 |   0.0 |       0 |      23 |   0.0 |   563
           D:2 |       0 |      93 |   0.0 |       0 |      26 |   0.0 |   653
           D:3 |       0 |     160 |   0.0 |       0 |      27 |   0.0 |   930
           D:4 |       0 |     581 |   0.0 |       0 |      23 |   0.0 |   560
               +---------+---------+-------+---------+---------+-------+---------
